 Dungeon Crawl Stone Soup version 0.28.0-62-gf88900778d (webtiles) character file.

Game seed: 7049115929211743177

17334 cbfl8 the Cleaver (level 12, -2/89 HPs)
             Began as a Demonspawn Fighter on July 1, 2023.
             Was a High Priest of Okawaru.
             Slain by a white ugly thing (7 damage)
             ... in an ice cave.
             The game lasted 00:16:13 (17621 turns).

cbfl8 the Cleaver (Demonspawn Fighter)             Turns: 17621, Time: 00:16:14

Health: -2/89      AC: 25    Str: 26    XL:     12   Next: 18%
Magic:  12/12      EV: 11    Int: 14    God:    Okawaru [*****.]
Gold:   954        SH: 10    Dex: 16    Spells: 11/11 levels left

rFire   x . .      SeeInvis .   a - +0 war axe (elec)
rCold   + + .      Faith    .   c - +0 buckler
rNeg    . . .      Spirit   .   u - +1 scale mail of Okawaru's Esteem {rElec rPois rC+ Str+2 Int+4}
rPois   +          Reflect  .   h - +0 helmet
rElec   +          Harm     .   (no cloak)
rCorr   .          Rampage  .   (no gloves)
Will    .....                   e - +1 pair of boots {Stlth+}
Stlth   +.........              (no amulet)
HPRegen 0.24/turn               D - +6 ring of strength
MPRegen 0.13/turn               H - ring of ice

@: sanguine armoured
A: claws 2, icemail 1, sanguine armour 2, condensation shield
a: Renounce Religion, Heroism, Finesse, Duel


You were in an ice cave.
You worshipped Okawaru.
Okawaru was extremely pleased with you.
You visited 2 branches of the dungeon, and saw 12 of its levels.
You also visited: Sewer and Ice Cave.

You collected 954 gold pieces.

Inventory:

Hand Weapons
 a - a +0 war axe of electrocution (weapon)
 w - a +0 broad axe
Missiles
 l - a throwing net
Armour
 c - a +0 buckler (worn)
 e - a +1 pair of boots of stealth (worn)
 h - a +0 helmet (worn)
 u - the +1 scale mail of Okawaru's Esteem (worn) {rElec rPois rC+ Str+2 Int+4}
   (Okawaru gifted it to you in an ice cave)

   Str:       It affects your strength (+2).
   Int:       It affects your intelligence (+4).
   rC:        It protects you from cold.
   rElec:     It insulates you from electricity.
   rPois:     It protects you from poison.
Jewellery
 r - a ring of flight
 D - a +6 ring of strength (left claw)
 H - a ring of ice (right claw)
Wands
 v - a wand of flame (23)
 C - a wand of iceblast (3) (quivered)
 G - a wand of polymorph (10)
Scrolls
 b - 3 scrolls of fear
 m - 2 scrolls of magic mapping
 n - a scroll of teleportation
 p - 2 scrolls of amnesia {unknown}
 s - 2 scrolls of summoning {unknown}
 t - a scroll of vulnerability {unknown}
 x - a scroll of torment {unknown}
 y - 2 scrolls of enchant armour {unknown}
 E - a scroll of enchant weapon {unknown}
 F - 2 scrolls of fog {unknown}
Potions
 d - a potion of might
 f - 3 potions of magic {unknown}
 g - a potion of lignification {unknown}
 i - a potion of flight {unknown}
 j - 3 potions of curing {unknown}
 k - 3 potions of mutation {unknown}
 o - a potion of berserk rage {unknown}
 q - a potion of brilliance {unknown}
 z - 3 potions of heal wounds {unknown}
 A - 2 potions of invisibility {unknown}
 B - a potion of haste {unknown}


   Skills:
 + Level 6.8 Fighting
 + Level 11.4 Axes
 + Level 8.1 Armour
 + Level 3.1 Dodging
 + Level 0.9 Stealth
 + Level 7.2 Shields
 + Level 1.0 Invocations
 * Level 9.2 Evocations


You had 11 spell levels left.
You didn't know any spells.
Your spell library contained the following spells:

 Spells                   Type           Power      Damage    Failure   Level
 Sting                    Tmut/Pois      0%         1d3       58%         1
 Poisonous Vapours        Pois/Air       0%         N/A       75%         2
 Conjure Flame            Conj/Fire      0%         6-21      92%         3
 Gell's Gravitas          Tloc           0%         N/A       92%         3
 Ignite Poison            Fire/Tmut/Pois 0%         N/A       92%         3
 Lesser Beckoning         Tloc           0%         N/A       92%         3
 Teleport Other           Tloc           0%         N/A       92%         3
 Olgreb's Toxic Radiance  Pois           0%         N/A       100%        4
 Sticky Flame             Conj/Fire      0%         2d3       100%        4


Dungeon Overview and Level Annotations

Branches:
Dungeon (11/15)            Temple (1/1) D:6            Lair (0/6) D:11
    Orc (0/2) D:10          Sewer (visited)           IceCv (1/1)

Altars:
Ashenzari
Cheibriados
Dithmenos
Fedhas
Hepliaklqana
Kikubaaqudgha
Makhleb
Nemelex Xobeh
Okawaru
Sif Muna
Uskayaw
Xom
The Shining One
Beogh

Shops:
D:9 [


Innate Abilities, Weirdness & Mutations

You have very sharp fingernails.
A meltable icy envelope protects you from harm. (AC +4)
When seriously injured, your blood forms thick armour. (AC +9)
A meltable shield of frost defends you. (SH +4)


Message History

You hit the white ugly thing.
The white ugly thing is moderately wounded.
You block the white ugly thing's attack.
You hit the white ugly thing.
The white ugly thing is heavily wounded.
The white ugly thing gores you but does no damage.
Unknown command.
You barely miss the white ugly thing.
The white ugly thing is heavily wounded.
The white ugly thing gores you but does no damage.
Unknown command.
You barely miss the white ugly thing.
The white ugly thing is heavily wounded.
The white ugly thing gores you but does no damage.
You slash the white ugly thing!
The white ugly thing is severely wounded.
The white ugly thing gores you. The white ugly thing freezes you. You resist.
Unknown command.
You completely miss the white ugly thing.
The white ugly thing is severely wounded.
The white ugly thing gores you!
Your blood congeals into armour.
The white ugly thing freezes you! You resist.
Unknown command.
You slash the white ugly thing!
The white ugly thing is almost dead.
The white ugly thing gores you! The white ugly thing freezes you! You resist.
* * * LOW HITPOINT WARNING * * *
You hit the white ugly thing.
The white ugly thing is almost dead.
Unknown command.
You hit the white ugly thing but do no damage.
The white ugly thing is almost dead.
The white ugly thing gores you.
* * * LOW HITPOINT WARNING * * *
The white ugly thing freezes you! You resist.
* * * LOW HITPOINT WARNING * * *
The white ugly thing gores you!
* * * LOW HITPOINT WARNING * * *
The white ugly thing freezes you! You resist.
You die...

###....##.÷.##
#####
#########÷.#
#$.)# ###...##
..⌠. ##....##
##..
####....##
#..#
##.....###
#..####.....##
##...#....###
###.u@.###
#####..# #.##
###


You could see a white ugly thing.

Vanquished Creatures
  Fannar (D:10)
  Erolcha (D:10)
  Harold (D:9)
  2 death yaks (IceCv)
  A cyclops (D:11)
  An ice statue (Arena)
  2 rime drakes (D:11)
  The ghost of sigtrap the Covert, a novice SpBr (D:7)
  A troll (D:9)
  8 polar bears (IceCv)
  Grinder (D:5)
  5 slime creatures (D:10)
  Sigmund (D:5)
  A wyvern (D:8)
  A wraith (D:5)
  31 yaks
  A steam dragon (D:7)
  An acid dragon (D:10)
  2 water moccasins
  6 orc warriors
  A necrophage (D:6)
  An ice beast (D:5)
  A sky beast (D:7)
  2 centaurs (D:8)
  13 wolves (IceCv)
  3 kobold brigands (Sewer)
  5 bullfrogs
  3 scorpions
  A water moccasin zombie (D:6)
  A wyvern skeleton (D:7)
  A water moccasin skeleton (D:5)
  6 killer bees (D:10)
  7 wights (D:6)
  An electric eel (D:8)
  2 howler monkeys
  A bullfrog zombie (D:6)
  5 hounds
  A jelly (D:5)
  2 orc priests
  2 bullfrog skeletons (D:7)
  A centaur skeleton (D:7)
  Jessica (D:2)
  Terence (D:2)
  A gnoll shaman (D:7)
  An iguana (D:7)
  6 orc wizards
  A killer bee zombie (D:6)
  A hound zombie (D:5)
  A hound skeleton (D:4)
  4 howler monkey zombies
  4 gnolls (D:7)
  11 adders
  A shadow imp (D:8)
  A white imp (D:8)
  2 ufetubi
  2 worms
  4 dart slugs
  46 orcs
  7 endoplasms
  A giant cockroach (D:1)
  9 hobgoblins
  4 jackals (D:4)
  A quokka (D:3)
  8 ball pythons
  6 bats
  4 frilled lizards
  6 goblins
  12 kobolds
  8 rats
283 creatures vanquished.

Vanquished Creatures (others)
  10 fungi
  2 plants (D:11)
12 creatures vanquished.

Grand Total: 295 creatures vanquished

Notes
Turn   | Place    | Note
-------+----------+-------------------------------------------
     0 | D:1      | cbfl8 the Demonspawn Fighter began the quest for the Orb.
     0 | D:1      | Reached XP level 1. HP: 18/18 MP: 1/1
   196 | D:1      | Gained mutation: A meltable shield of frost defends you.
                  | (SH +4) [demonic ancestry]
   196 | D:1      | Reached XP level 2. HP: 21/24 MP: 2/2
   429 | D:1      | Found a faded altar of an unknown god.
   438 | D:1      | Reached skill level 2 in Axes
  1661 | D:2      | Noticed Terence
  1669 | D:2      | Gained mutation: When seriously injured, your blood forms
                  | armour. (AC +9) [demonic ancestry]
  1669 | D:2      | Reached XP level 3. HP: 6/29 MP: 3/3
  1670 | D:2      | Killed Terence
  1671 | D:2      | Reached skill level 1 in Evocations
  2166 | D:2      | Noticed Jessica
  2178 | D:2      | Killed Jessica
  2179 | D:2      | Gained mutation: You have sharp fingernails. [demonic
                  | ancestry]
  2179 | D:2      | Reached XP level 4. HP: 20/35 MP: 4/4
  2875 | D:2      | Reached XP level 5. HP: 41/41 MP: 5/5
  3102 | D:3      | Reached skill level 3 in Axes
  3937 | D:4      | Noticed a water moccasin
  3946 | D:4      | Killed a water moccasin
  3947 | D:4      | Reached XP level 6. HP: 38/47 MP: 6/6
  4043 | D:4      | Reached skill level 1 in Dodging
  4766 | D:5      | Entered Level 5 of the Dungeon
  4814 | D:5      | Noticed a wraith
  4828 | D:5      | Killed a wraith
  4829 | D:5      | Reached skill level 4 in Axes
  4829 | D:5      | Gained mutation: A meltable icy envelope protects you from
                  | harm. (AC +4) [demonic ancestry]
  4829 | D:5      | Reached XP level 7. HP: 13/53 MP: 7/7
  5190 | D:5      | Noticed Grinder
  5201 | D:5      | Killed Grinder
  5687 | D:5      | Noticed Sigmund
  5692 | D:5      | Killed Sigmund
  5693 | D:5      | Reached skill level 5 in Axes
  5693 | D:5      | Reached XP level 8. HP: 46/60 MP: 8/8
  6344 | D:6      | Found a runed translucent gate.
  6345 | D:6      | Found a runed translucent gate.
  6347 | D:6      | Found a runed translucent gate.
  6482 | D:6      | Reached skill level 5 in Armour
  6498 | D:6      | Found a glowing drain.
  6533 | Sewer    | Entered a sewer
  7328 | D:6      | Noticed sigtrap's ghost (novice SpBr)
  7412 | D:6      | Reached skill level 5 in Evocations
  7415 | D:6      | Reached skill level 6 in Axes
  7557 | D:6      | Found a staircase to the Ecumenical Temple.
  7607 | D:6      | Gained mutation: You have very sharp fingernails. [demonic
                  | ancestry]
  7607 | D:6      | Reached XP level 9. HP: 49/67 MP: 9/9
  7939 | Temple   | Entered the Ecumenical Temple
  7982 | Temple   | Became a worshipper of Warmaster Okawaru
  8081 | D:6      | Reached skill level 5 in Fighting
  8246 | D:7      | Killed sigtrap's ghost
  8256 | D:6      | Reached skill level 7 in Axes
  8797 | D:7      | Reached * piety under Okawaru
  9593 | D:8      | Found a shimmering blue altar of Sif Muna.
  9593 | D:8      | Found a burning altar of Makhleb.
  9890 | D:8      | Reached XP level 10. HP: 19/75 MP: 10/10
 10642 | D:9      | Noticed Harold
 10650 | D:9      | Killed Harold
 10650 | D:9      | Reached ** piety under Okawaru
 10651 | D:9      | Reached skill level 8 in Axes
 10651 | D:9      | Reached skill level 5 in Shields
 10959 | D:9      | Found Leunanwu's Antique Armour Shop.
 11057 | D:9      | Found a shadowy altar of Dithmenos.
 11693 | D:9      | Reached *** piety under Okawaru
 11778 | D:10     | Entered Level 10 of the Dungeon
 11832 | D:10     | Reached skill level 9 in Axes
 12544 | D:10     | Found a staircase to the Orcish Mines.
 12684 | D:10     | Noticed Fannar
 12704 | D:10     | Killed Fannar
 12704 | D:10     | Reached **** piety under Okawaru
 12705 | D:10     | Gained mutation: When seriously injured, your blood forms
                  | thick armour. (AC +9) [demonic ancestry]
 12705 | D:10     | Reached XP level 11. HP: 37/81 MP: 11/11
 13262 | D:10     | Reached skill level 10 in Axes
 13725 | D:10     | Noticed Erolcha
 13736 | D:10     | Killed Erolcha
 13736 | D:10     | Reached ***** piety under Okawaru
 14499 | D:11     | Found a frozen archway.
 14731 | IceCv    | Entered an ice cave
 15832 | IceCv    | Reached ****** piety under Okawaru
 15833 | IceCv    | Reached skill level 11 in Axes
 16197 | IceCv    | Identified the +1 scale mail of Okawaru's Esteem {rElec
                  | rPois rC+ Str+2 Int+4} (Okawaru gifted it to you in an ice
                  | cave)
 16197 | IceCv    | Received a gift from Okawaru
 16711 | Arena    | Entered the Arena
 16723 | Arena    | Reached XP level 12. HP: 51/89 MP: 5/12
 16949 | IceCv    | Noticed a death yak
 16949 | IceCv    | Noticed a death yak
 17242 | IceCv    | Killed a death yak
 17261 | IceCv    | Killed a death yak
 17262 | IceCv    | Reached skill level 1 in Invocations
 17621 | IceCv    | Slain by a white ugly thing

Illustrated notes

Levels and vault maps discovered:
D:1:      tarquinn_simple_flora_water_a, layout_basic,
          nicolae_ecumenical_snake_handling, minmay_tetromino_t4
D:2:      layout_basic, minmay_tree_intersection, kennysheep_nub, uniq_jessica,
          uniq_terence
D:3:      layout_loops_ring
D:4:      layout_basic, grunt_ministairs_8
D:5:      layout_cave_pools, uniq_grinder, uniq_sigmund
D:6:      layout_basic, minmay_temple_entry_butterflies,
          cheibrodos_sewer_entry_bend, biasface_ghost_orc_armoury
D:7:      layout_loops_corners
D:8:      layout_loops_cross, mainiacjoe_overflow_surrounded_room,
          jmf_multi_god_temple, water_boxes_lemuel
D:9:      layout_loops_ring, nicolae_dithmenos_shadow_blocks, serial_shops,
          shop, minmay_misc_feat_room, uniq_harold
D:10:     lemuel_ice_spiral_2, layout_irregular_city, hiddenorc1_lemuel,
          minmay_misc_feat_chi, uniq_erolcha, uniq_fannar
D:11:     layout_roguey, grunt_lair_entry_orc_guard_hut, portal_ice_cave_rime,
          minmay_the_grid_square_5x5_3x3_mashed
          [minmay_the_grid_square_5x5_minivault, minmay_the_grid_square_5x5_meh,
          minmay_the_grid_square_5x5_fat_x,
          minmay_the_grid_square_5x5_trominoes,
          minmay_the_grid_square_5x5_megaprize_checkered,
          minmay_the_grid_square_5x5_tetrominoes,
          minmay_the_grid_square_5x5_minimal, minmay_the_grid_square_5x5_empty,
          minmay_the_grid_square_5x5_inset]
Temple:   mainiacjoe_temple_coin_purse
IceCv:    ice_cave_caverns_01

Skill      XL: |  1  2  3  4  5  6  7  8  9 10 11 12 |
---------------+-------------------------------------+-----
Armour         | 3 4 5 6 7 8 |  8.1
Axes           | 2 3 4 5 6 7 9 11 | 11.4
Shields        | 3 4 6 7 |  7.2
Evocations     | 1 2 3 4 5 6 7 9 |  9.2
Dodging        | 1 2 3 |  3.1
Fighting       | 4 5 6 |  6.8
Invocations    | 1 |  1.0
Stealth        | |  0.9

Action                   |  1- 3 |  4- 6 |  7- 9 | 10-12 || total
-------------------------+-------+-------+-------+-------++-------
Melee: War axe           |    88 |   131 |   289 |   443 ||   951
Invok: Duel              |       |       |       |     1 ||     1
Evoke: Wand              |       |       |    15 |    17 ||    32
  Use: Scroll            |     1 |     3 |     4 |     2 ||    10
       Potion            |     1 |       |       |     5 ||     6
Armor: Scale mail        |    37 |    62 |    16 |    49 ||   164
       Chain mail        |       |       |    76 |       ||    76
       Plate armour      |       |       |    57 |   244 ||   301
Dodge: Dodged            |    38 |    68 |    73 |   176 ||   355
Block: Buckler           |    49 |    69 |    95 |   240 ||   453
